[Event "*** Biggest EVER Titled Tuesday"]
[Site "Chess.com"]
[Date "2018.04.17"]
[Round "3"]
[White "ahmadzada13"]
[Black "TastyFrenchFries"]
[Result "0-1"]
[WhiteElo "2567"]
[BlackElo "2320"]
[TimeControl "180+2"]
[EndTime "13:35:11 PDT"]
[Termination "TastyFrenchFries won on time"]

1. e4 e6 2. d4 d5 3. Nd2 Nc6 4. Ngf3 Nf6 5. e5 Nd7 6. Bb5 a6 7. Ba4 b5 8. Bb3 Na5 9. c3 Nxb3 10. axb3 c5 11. Qe2 Bb7 12. h4 h6 13. h5 b4 14.
cxb4 cxd4 15. Nxd4 Bxb4 16. O-O Qh4 17. f4 Bc5 18.
Nf3 Qxh5 19. Be3 O-O 20. Kf2 Qg6 21. g4 Qxg4 22. Rg1 Qh5 23. Rh1 Qg6 24. Rag1 Qe4 25. Nd2 Qh7 26. N2f3 g6 27. f5 h5 28. f6 Ba7 29.
Ng5 Qh8 30. Ngxe6 Nxe5 31. Rxh5 Qxf6+ 32. Rf5 Qh4+ 0-1

[Event "*** Biggest EVER Titled Tuesday"]
[Site "Chess.com"]
[Date "2018.04.17"]
[Round "3"]
[White "jk13"]
[Black "MikaelyanArman"]
[Result "1-0"]
[WhiteElo "2533"]
[BlackElo "2580"]
[TimeControl "180+2"]
[EndTime "13:35:13 PDT"]
[Termination "jk13 won by resignation"]

1. e4 Nf6 2. e5 Nd5 3. d4 d6 4. Nf3 dxe5 5. Nxe5 c6 6. Be2 Bf5 7. O-O Nd7 8. Nf3 e6 9. Re1 Bd6 10. a3 O-O 11. c4 Nf4 12. Bf1 Qf6 13. Nc3 Qg6 14.
Bxf4 Bxf4 15. Nh4 Qh6 16. g3 Bd2 17. Nxf5 exf5 18. Re7 Nf6 19. Qf3 Rae8 20. Rxb7 Ng4 21. h3 Nxf2 22. Kxf2 f4 23. Ne4 Be3+ 24. Kg2 f5 25.
Nc5 Bxd4 26. Nd7 Rf7 27. Rd1 Be3 28. c5 fxg3 29. Bc4 Qg6 30. Ne5 1-0

[Event "*** Biggest EVER Titled Tuesday"]
[Site "Chess.com"]
[Date "2018.04.17"]
[Round "3"]
[White "ehrenfeld"]
[Black "Anar_Aliakbarov"]
[Result "1-0"]
[WhiteElo "2474"]
[BlackElo "2392"]
[TimeControl "180+2"]
[EndTime "13:35:14 PDT"]
[Termination "ehrenfeld won by resignation"]

1. e4 c5 2. Nf3 e6 3. b3 Nf6 4. e5 Nd5 5. Bb2 Be7 6. g3 O-O 7. Bg2 Nc6 8. O-O d6 9. exd6 Bf6 10. Nc3 Qxd6 11. Ne4 Qe7 12. Nxf6+ Nxf6 13. Ne5 Nxe5 14. Bxe5 Nd7 15. Bb2 Rb8 16. d4 b6 17. Re1 cxd4 18.
Qxd4 Nf6 19. Rad1 Bb7 20. Qd6 Qxd6 21. Rxd6 Bxg2 22. Kxg2 Rfd8 23. Red1 Nd5 24. Rxd8+ Rxd8 25. Kf3 Rc8 26. c4 Nc7 27. Rd7 f6 28. Ba3 e5 29.
Ke4 g6 30. h4 h5 31. f3 b5 32. Bd6 Ne8 33. Kd5 bxc4 34. bxc4 Nxd6 35. Rxd6 Rb8 36.
Rxf6 Rb2 37. Rxg6+ Kf7 38. Ra6 Rf2 39. Rxa7+ Kf6 40. Ra3 Rg2 41. c5 Rxg3 42. c6 Rg8 43. c7 Rc8 44. Kd6 1-0

[Event "*** Biggest EVER Titled Tuesday"]
[Site "Chess.com"]
[Date "2018.04.17"]
[Round "3"]
[White "aa175"]
[Black "asymptotics"]
[Result "0-1"]
[WhiteElo "1863"]
[BlackElo "2011"]
[TimeControl "180+2"]
[EndTime "13:35:14 PDT"]
[Termination "asymptotics won by checkmate"]

1. e4 c5 2. b4 cxb4 3. a3 b3 4. cxb3 Nf6 5. e5 Nd5 6. Bc4 Nb6 7. d3 e6 8. Bb2 Qg5 9. Nf3 Qxg2 10. Rg1 Qh3 11. Nbd2 Nc6 12. Ne4 Nxc4 13. dxc4 b6 14. Bc1 Qf5 15. Qe2 Nxe5 16. Nxe5 Qxe5 17. Bb2 Qxh2 18. O-O-O Bb7 19. Rg3 Qh4 20. Nd6+ Bxd6 21. Rxd6 Qf4+ 22. Rd2 f6 23. Rxg7 O-O-O 24. Rg3 Rhg8 25.
Rxg8 Rxg8 26. Qd3 Rg1+ 27. Kc2 Be4 28. Bd4 Bxd3+ 29. Kxd3 h5 30. Be3 Qf5+ 31. Kc3 Rc1+ 32.
Kb4 Qa5# 0-1

[Event "*** Biggest EVER Titled Tuesday"]
[Site "Chess.com"]
[Date "2018.04.17"]
[Round "3"]
[White "rekosheten"]
[Black "OK97"]
[Result "0-1"]
[WhiteElo "2380"]
[BlackElo "2580"]
[TimeControl "180+2"]
[EndTime "13:35:17 PDT"]
[Termination "OK97 won by checkmate"]

1. e4 g5 2. d4 h6 3. f4 gxf4 4. Bxf4 Bg7 5. Nf3 d6 6. Bc4 Bg4 7. O-O e6 8. c3 Nf6 9. Nbd2 Nbd7 10.
Qe1 Qe7 11. Qh4 e5 12. dxe5 dxe5 13. Be3 O-O-O 14. Bxa7 Be6 15. Be3 Rhg8 16. Kh1 Bxc4 17. Nxc4 Qe6 18. Nfd2 Ng4 19. Bg1 Bf6 20. Qe1 Bg5 21.
Ne3 Bxe3 22. Bxe3 Qg6 23. Rg1 Nxh2 24. Qh4 Ng4 25. Rae1 Ndf6 26. Nf3 Nxe4 27. a4 Rd3 28. Ba7 f6 29. a5 Qf5 30. Rgf1 Qg6 31. Qh3 f5 32. Bg1 Kb8 33. c4 Ngf6 34. Nxe5 Rxh3+ 35. gxh3 Qg2# 0-1

[Event "*** Biggest EVER Titled Tuesday"]
[Site "Chess.com"]
[Date "2018.04.17"]
[Round "3"]
[White "Quiet_Desperation"]
[Black "Gajuchess"]
[Result "0-1"]
[WhiteElo "2404"]
[BlackElo "2595"]
[TimeControl "180+2"]
[EndTime "13:35:18 PDT"]
[Termination "Gajuchess won by resignation"]

1. e4 c5 2. Nf3 e6 3. d4 cxd4 4. Nxd4 a6 5. Bd3 Bc5 6. Nb3 Be7 7. Nc3 d6 8. Be3 Nf6 9. O-O Nbd7 10. f4 b5 11. a3 Bb7 12. Kh1 Qc7 13. Qe2 O-O 14.
Rf3 Rfe8 15. Rh3 g6 16. Rf1 Bf8 17. Nd2 Bg7 18. Nf3 Re7 19. Ng5 Nc5 20. Bd4 h6 21.
Nf3 Nh5 22. Rxh5 gxh5 23. Bxg7 Kxg7 24. Nh4 Nd7 25. Qxh5 Nf6 26. Qf3 Rg8 27. f5 e5 28.
Ne2 Kf8 29. Ng3 d5 30. Qe3 Ng4 31. Qd2 dxe4 32. Bxe4 Qd7 33. Qb4 Qd4 34. Qe1 Bxe4 35. Nxe4 Ne3 36. f6 Rd7 37. Ng3 Nxf1 38. Nxf1 Qd1 39.
Qb4+ Ke8 40. Kg1 Qd4+ 41. Qxd4 Rxd4 42. Nf5 Rf4 43. Nd6+ Kd7 44. Nxf7 Ke6 45. Nxh6 Rg6 46. f7 Rxh6 0-1

[Event "*** Biggest EVER Titled Tuesday"]
[Site "Chess.com"]
[Date "2018.04.17"]
[Round "3"]
[White "Ravan_02"]
[Black "nurmiTV"]
[Result "1-0"]
[WhiteElo "2457"]
[BlackElo "2461"]
[TimeControl "180+2"]
[EndTime "13:35:19 PDT"]
[Termination "Ravan_02 won by resignation"]

1. e4 c5 2. Nc3 Nc6 3. g3 g6 4. Bg2 Bg7 5. d3 e6 6. Nge2 Nge7 7. Be3 Nd4 8. Qd2 d6 9. O-O O-O 10. Rab1 Nec6 11. a3 a5 12. Nd1 b5 13. c3 Nxe2+ 14. Qxe2 Bb7 15. Qd2 Ne5 16. h3 Re8 17. f4 Nd7 18. g4 Qe7 19. Nf2 d5 20. e5 f6 21.
d4 Rac8 22. Rbe1 Ba6 23. f5 fxe5 24. Bg5 Qd6 25. fxe6 Nb6 26. dxe5 Bxe5 27. Nd3 Bh2+ 28. Kh1 Bg3 29. Re2 b4 30. e7 Bb7 31. axb4 axb4 32. cxb4 cxb4 33. Nxb4 Ba8 34. Qd4 Rc4 35. Rf8+ Rxf8 36.
exf8=Q+ Qxf8 37. Qxb6 Rxb4 38. Qe6+ Qf7 39. Qc8+ Qf8 40.
Re8 Bd6 41. Rxf8+ Bxf8 42. Qxa8 1-0

[Event "*** Biggest EVER Titled Tuesday"]
[Site "Chess.com"]
[Date "2018.04.17"]
[Round "3"]
[White "djamir"]
[Black "robbykevlishvili"]
[Result "0-1"]
[WhiteElo "2628"]
[BlackElo "2456"]
[TimeControl "180+2"]
[EndTime "13:35:19 PDT"]
[Termination "robbykevlishvili won by resignation"]

1. d4 d5 2. Nf3 Nf6 3. Bf4 c5 4. e3 Nc6 5. c3 Qb6 6. Qb3 c4 7. Qc2 Bf5 8. Qc1 h6 9. h3 e6 10. Nbd2 Be7 11. Be2 O-O 12. O-O Rfc8 13. Bd1 Qd8 14.
Bc2 b5 15. a3 a5 16. Qb1 Qd7 17. e4 dxe4 18. Nxe4 Nd5 19. Bh2 b4 20. axb4 axb4 21. Rxa8 Rxa8 22. Qc1 b3 23. Bb1 Ra1 24. Nfd2 Nf6 25. f3 Nxe4 26. fxe4 Bg6 27. Nxc4 Nxd4 28. Qe3 Nc2 29. Qf2 Qb5 30. Nd6 Qc6 31. e5 Bd8 32.
Kh1 Bb6 33. Qd2 Ne3 34. Bxg6 Rxf1+ 35. Bg1 Rxg1+ 36. Kxg1 Nc4+ 37. Kh2 Nxd2 38. Bxf7+ Kh7 39. Bxe6 Nf1+ 40. Kh1 Ne3 41. Bf5+ Nxf5 42. Nxf5 Qe4 0-1

[Event "*** Biggest EVER Titled Tuesday"]
[Site "Chess.com"]
[Date "2018.04.17"]
[Round "3"]
[White "Keaton87"]
[Black "Salem-AR"]
[Result "0-1"]
[WhiteElo "2447"]
[BlackElo "2695"]
[TimeControl "180+2"]
[EndTime "13:35:22 PDT"]
[Termination "Salem-AR won by resignation"]

1. d4 Nf6 2. Bg5 Ne4 3. Bf4 c5 4. f3 Qa5+ 5. c3 Nf6 6. d5 e6 7. e4 exd5 8. exd5 d6 9. Na3 Be7 10. Nc4 Qd8 11. a4 O-O 12. Bd3 Nh5 13. Be3 Re8 14. Ne2 Bh4+ 15. g3 Bg5 16. f4 Bh6 17. Qd2 Nf6 18. O-O-O Bh3 19. Ng1 Bd7 20. Bc2 Ne4 21. Qg2 b5 22. Ne5 Rxe5 23. Bxe4 Re8 24. Bd2 bxa4 25. g4 a3 26. g5 Bxg5 27. bxa3 Qa5 28.
fxg5 Qxa3+ 29. Kb1 Qb3+ 30. Kc1 Qa3+ 31. Kc2 Qa4+ 32. Kd3 Qxd1 33. Nf3 Qa4 34. c4 Qa3+ 35. Bc3 Rxe4 36. Qd2 Bf5 0-1

[Event "*** Biggest EVER Titled Tuesday"]
[Site "Chess.com"]
[Date "2018.04.17"]
[Round "3"]
[White "LyonBeast"]
[Black "severomorskij"]
[Result "1-0"]
[WhiteElo "2817"]
[BlackElo "2660"]
[TimeControl "180+2"]
[EndTime "13:35:23 PDT"]
[Termination "LyonBeast won by resignation"]

1. e4 c5 2. Nf3 Nc6 3. Bb5 d6 4. O-O Bd7 5. Re1 Nf6 6. c3 a6 7. Bc4 b5 8. Bf1 Bg4 9. a4 b4 10. d4 cxd4 11. cxd4 e5 12. d5 Nd4 13. Be3 Bxf3 14.
gxf3 Be7 15. f4 O-O 16. Nd2 g6 17. Nc4 Nd7 18. fxe5 dxe5 19. Bh3 Bf6 20. Bxd4 exd4 21. e5 Bg7 22. Qxd4 Rc8 23. Bxd7 Qxd7 24. Nb6 Qa7 25. a5 Rc2 26. Rac1 Rxc1 27. Rxc1 Qe7 28. Re1 Qg5+ 29. Kh1 Qf5 30. f4 g5 31. Qe4 Qxf4 32. Qxf4 gxf4 33. d6 Rd8 34. Kg2 Kf8 35. Nd5 f6 36. e6 Rxd6 37. e7+ 1-0

[Event "*** Biggest EVER Titled Tuesday"]
[Site "Chess.com"]
[Date "2018.04.17"]
[Round "3"]
[White "murmah2003"]
[Black "Noukii"]
[Result "1-0"]
[WhiteElo "2550"]
[BlackElo "2634"]
[TimeControl "180+2"]
[EndTime "13:35:24 PDT"]
[Termination "murmah2003 won by checkmate"]

1. d4 d5 2. Nf3 Nf6 3. c4 c6 4.
e3 a6 5. Nc3 e6 6. Qc2 Nbd7 7.
b3 Bb4 8. Bb2 O-O 9. Bd3 Qe7 10.
O-O Re8 11. e4 dxc4 12. Bxc4 b5 13. Bd3 e5 14. dxe5 Ng4 15. Ne2 Ndxe5 16. Nxe5 Nxe5 17. Bxe5 Qxe5 18. Qxc6 Be6 19. f4 Qb8 20. e5 Qa7+ 21. Kh1 Ba3 22. f5 Bd7 23. Qe4 Qc5 24. e6 Bc6 25.
Qg4 f6 26. Be4 Rad8 27. Bxc6 Qxc6 28. Rad1 Qc2 29. Ng3 Bf8 30. Rxd8 Rxd8 31. Nh5 Qc7 32. h3 Kh8 33. Re1 Be7 34. Qxg7# 1-0

[Event "*** Biggest EVER Titled Tuesday"]
[Site "Chess.com"]
[Date "2018.04.17"]
[Round "3"]
[White "ENEASZ"]
[Black "Yaacovn"]
[Result "0-1"]
[WhiteElo "2468"]
[BlackElo "2660"]
[TimeControl "180+2"]
[EndTime "13:35:25 PDT"]
[Termination "Yaacovn won by resignation"]

1. e4 c6 2. d3 d5 3. Nd2 g6 4.
Ngf3 Bg7 5. g3 Bg4 6. Bg2 e6 7.
O-O Nf6 8. Re1 Nfd7 9. h3 Bxf3 10. Nxf3 O-O 11. c3 c5 12. exd5 exd5 13. d4 cxd4 14.
Nxd4 Nf6 15. Bg5 Nc6 16. Nb3 Qb6 17. Bxf6 Bxf6 18. Qxd5 Rad8 19. Qc5 Qa6 20. Bf1 Qb6 21. Qxb6 axb6 22. Rad1 Kg7 23. Bg2 Na5 24. Nxa5 bxa5 25. Bxb7 Rb8 26. Rd7 Rfd8 27. Red1 Rxb7 28. Rxd8 Bxd8 29.
Rxd8 Rxb2 30. a4 Ra2 31. Rd4 Ra3 32. Kg2 h5 33. h4 Kf6 34. Rc4 Ke6 35. Kf3 Kd5 36.
Rc7 Ke6 37. Rc4 Kd5 38. Rc7 Ke6 39. Rc4 Kd5 40. Rc7 f6 41. Ke3 Rxa4 42. Rg7 Rg4 43. Kd3 Kc5 44. Rf7 f5 45. Rf8 f4 46. gxf4 Rxh4 47.
Ke4 Kc4 48. Ke5 Kxc3 49. Rf6 Rg4 50. Ra6 Kb4 51. f3 Rg3 52. Ke4 a4 53. f5 gxf5+ 54. Kf4 Rh3 55. Ra8 a3 56. Kxf5 Rxf3+ 57. Kg5 Rh3 58. Rb8+ Kc3 59. Ra8 Kb2 60. Kf4 a2 61.
Rxa2+ Kxa2 0-1

[Event "*** Biggest EVER Titled Tuesday"]
[Site "Chess.com"]
[Date "2018.04.17"]
[Round "3"]
[White "chessking2151"]
[Black "Arash_Tahbaz"]
[Result "0-1"]
[WhiteElo "2379"]
[BlackElo "2543"]
[TimeControl "180+2"]
[EndTime "13:35:32 PDT"]
[Termination "Arash_Tahbaz won by checkmate"]

1. d4 Nf6 2. c4 e6 3. Nc3 Bb4 4. Qc2 O-O 5. a3 Bxc3+ 6. Qxc3 b6 7. Bg5 Bb7 8. f3 h6 9. Bh4 d5 10. e3 Nbd7 11. Bd3 c5 12. Ne2 cxd4 13. Nxd4 Rc8 14. O-O dxc4 15. Bc2 a6 16. Rad1 Qe7 17. e4 b5 18.
Rfe1 Rfe8 19. Bb1 Qc5 20. Bf2 Qc7 21. Bg3 e5 22. Nf5 Re6 23. Rd2 Nc5 24. Red1 Nb3 25. Rd6 Rxd6 26. Nxd6 Nd4 27. Rxd4 exd4 28. Nxc8 Qxg3 29.
Ne7+ Kf8 30. Qb4 Qg5 31. Ng6+ Kg8 32. Qf8+ Kh7 33. Qxf7 Qxg6 34. Qxb7 d3 35. Qc7 Qg5 36.
Qd6 Qe3+ 37. Kf1 Qe2+ 38. Kg1 Qe1# 0-1

[Event "*** Biggest EVER Titled Tuesday"]
[Site "Chess.com"]
[Date "2018.04.17"]
[Round "3"]
[White "fyall777"]
[Black "DryCounty"]
[Result "0-1"]
[WhiteElo "2361"]
[BlackElo "2527"]
[TimeControl "180+2"]
[EndTime "13:35:32 PDT"]
[Termination "DryCounty won on time"]

1. e4 c5 2. Nf3 d6 3. d4 cxd4 4. Nxd4 Nf6 5. Nc3 Nc6 6. Bc4 e6 7. O-O Be7 8. Be3 a6 9. a4 O-O 10. Qe2 Qc7 11. h3 Bd7 12. f4 Nxe4 13. Nxe4 d5 14. Bd3 dxe4 15. Bxe4 Bf6 16. Rad1 Rfd8 17. c3 Be8 18. Nxc6 Bxc6 19. Qc4 Rac8 20. Bxc6 Qxc6 21.
Qxc6 Rxc6 22. Rxd8+ Bxd8 23. Rd1 Bc7 24. Kf2 Kf8 25. Kf3 Ke7 26. Rd4 Bd6 27. g4 f5 28.
gxf5 exf5 29. Rd3 g6 30. b3 Ke6 31. c4 Be7 32. Rd5 Bb4 33. Re5+ Kf7 34. Rd5 Ke8 35. Bd4 Re6 36. Be5 Ke7 37. Ke3 h6 38.
Kd4 g5 39. Bc7 g4 40. Rxf5 g3 0-1

[Event "*** Biggest EVER Titled Tuesday"]
[Site "Chess.com"]
[Date "2018.04.17"]
[Round "3"]
[White "Paralinch"]
[Black "ChadBiryani"]
[Result "1-0"]
[WhiteElo "2810"]
[BlackElo "2246"]
[TimeControl "180+2"]
[EndTime "13:35:33 PDT"]
[Termination "Paralinch won by resignation"]

1. e4 c5 2. Nf3 d6 3. d4 cxd4 4. Nxd4 Nf6 5. Nc3 g6 6. Be3 a6 7. Be2 b5 8. Bf3 e5 9. Nb3 Bb7 10. a4 b4 11. Nd5 Nxd5 12. exd5 Nd7 13. Qd2 a5 14. Be2 Bg7 15. O-O O-O 16. Bb5 Nb6 17. Bc6 Nc4 18. Qe2 Nxe3 19. Qxe3 Bxc6 20. dxc6 Qc7 21. c3 Qxc6 22. cxb4 axb4 23. Rfc1 Qb7 24. a5 Ra6 25. Rc2 Rfa8 26. Rac1 h6 27. h4 Qd5 28. h5 g5 29. f3 Re8 30. Rd2 Qe6 31. Qd3 Rea8 32. Qd5 Qf5 33. Rc7 Qf4 34. Qe4 Qxe4 35. fxe4 Bf8 36. Rf2 d5 37. exd5 Rd8 38.
Rcxf7 Rad6 39. Nc5 Rxd5 40. Ne6 Rd1+ 41. Kh2 Bc5 42.
Nxc5 1-0

[Event "*** Biggest EVER Titled Tuesday"]
[Site "Chess.com"]
[Date "2018.04.17"]
[Round "3"]
[White "Jbd735"]
[Black "nOcHeaTiNgKiD"]
[Result "1-0"]
[WhiteElo "2281"]
[BlackElo "2352"]
[TimeControl "180+2"]
[EndTime "13:35:37 PDT"]
[Termination "Jbd735 won by resignation"]

1. d4 Nf6 2. Nf3 d5 3. Bf4 e6 4. c3 c5 5. e3 Nc6 6. Nbd2 cxd4 7. exd4 Nh5 8. Bg3 g6 9. Bh4 f6 10. Be2 Nf4 11. O-O Bg7 12. Re1 Nxe2+ 13. Qxe2 O-O 14.
c4 b6 15. Rac1 Ne7 16. c5 bxc5 17. Rxc5 Nf5 18. Bg3 Qb6 19. Nb3 Nxg3 20. hxg3 Bd7 21. Rec1 Rfc8 22. R1c3 Bf8 23. Rxc8 Rxc8 24. Qc2 Rxc3 25.
Qxc3 Bb4 26. Qc1 a5 27. Nc5 Bxc5 28. dxc5 Qc7 29. Qc3 e5 30. b3 Bc6 31. a3 Kg7 32.
b4 axb4 33. axb4 d4 34. Qb3 Qb7 35. Qe6 Bxf3 36. gxf3 Qxf3 37. c6 d3 38. c7 Qe2 39.
c8=Q Qe1+ 40. Kg2 Qe4+ 41. Kh2 Qd4 42. Qcd7+ 1-0

[Event "*** Biggest EVER Titled Tuesday"]
[Site "Chess.com"]
[Date "2018.04.17"]
[Round "3"]
[White "twitchTriniCupid"]
[Black "Raffael89"]
[Result "0-1"]
[WhiteElo "2161"]
[BlackElo "2124"]
[TimeControl "180+2"]
[EndTime "13:35:39 PDT"]
[Termination "Raffael89 won by resignation"]

1. e4 c5 2. Nf3 Nc6 3. c4 g6 4. Nc3 Bg7 5. d3 d6 6. h3 Rb8 7.
Rb1 a6 8. Be2 b5 9. Qc2 e6 10. O-O Nge7 11. Bg5 h6 12. Bf4 O-O 13. Qd2 Kh7 14. Rfc1 bxc4 15. dxc4 Nd4 16. Bd1 Nec6 17. Nxd4 Nxd4 18. Ne2 e5 19. Nxd4 cxd4 20. Bg3 f5 21.
exf5 gxf5 22. Bc2 Kh8 23. c5 dxc5 24. Bd3 Qd5 25. Bc4 Qc6 26. Re1 Bb7 27. Bf1 Rbe8 28.
Qa5 f4 29. Bh4 e4 30. Rbc1 Re5 31. b4 c4 32. Rxc4 Rxa5 33. Rxc6 Bxc6 34. bxa5 d3 35.
Rc1 Ba4 36. Rc5 d2 37. Rd5 d1=Q 38. Rxd1 Bxd1 39. Bxa6 Ra8 40. Bb7 Rxa5 41. Bxe4 Rxa2 42. g3 f3 0-1

[Event "*** Biggest EVER Titled Tuesday"]
[Site "Chess.com"]
[Date "2018.04.17"]
[Round "3"]
[White "catalin009"]
[Black "pKiLz5Rn9b"]
[Result "0-1"]
[WhiteElo "2412"]
[BlackElo "2617"]
[TimeControl "180+2"]
[EndTime "13:35:40 PDT"]
[Termination "pKiLz5Rn9b won by resignation"]

1. e4 e6 2. d4 d5 3. exd5 exd5 4. Nc3 Nf6 5. Bd3 Bb4 6. Bg5 h6 7. Bh4 Be6 8. Ne2 Nbd7 9. O-O O-O 10. Nf4 c6 11. Nce2 Bd6 12. c3 Qc7 13. Bg3 Rae8 14. Nxe6 Rxe6 15. Bxd6 Qxd6 16. Ng3 g6 17. Qd2 Kg7 18. f4 Re7 19. f5 g5 20. Rf3 Rfe8 21. Raf1 c5 22. h4 g4 23. Rf4 Re3 24. Nh1 c4 25. Bb1 Re2 26. Qd1 Qxf4 27. Rxf4 Re1+ 28. Qxe1 Rxe1+ 29. Rf1 Re2 30. Rf2 Re3 31. Kh2 Nh5 32.
Rd2 g3+ 33. Kh3 Ndf6 34. Nxg3 Rxg3+ 35. Kh2 Ng4+ 36. Kg1 Nf4 37. b3 cxb3 38. axb3 Rxc3 0-1

[Event "*** Biggest EVER Titled Tuesday"]
[Site "Chess.com"]
[Date "2018.04.17"]
[Round "3"]
[White "Kriari"]
[Black "Fandorine"]
[Result "1-0"]
[WhiteElo "2771"]
[BlackElo "2703"]
[TimeControl "180+2"]
[EndTime "13:35:42 PDT"]
[Termination "Kriari won by resignation"]

1. e4 c5 2. Nf3 e6 3. d4 cxd4 4. Nxd4 Nc6 5. Nc3 Qc7 6. Be3 a6 7. Qf3 Bd6 8. O-O-O Be5 9. Nxc6 bxc6 10. Bd4 Nf6 11.
Bxe5 Qxe5 12. Qe3 Rb8 13. f4 Qa5 14. e5 Nd5 15. Nxd5 cxd5 16. a3 Qb6 17. Qxb6 Rxb6 18. Bd3 Bb7 19. Rhe1 Ke7 20. b3 h6 21. Kb2 a5 22. g4 d6 23. exd6+ Kxd6 24. h4 Bc8 25. h5 Bd7 26. Rg1 f6 27. Rd2 Rhb8 28. g5 fxg5 29. fxg5 e5 30. gxh6 gxh6 31. Be4 d4 32.
Rg7 Be8 33. Rf2 Kc5 34. Rc7+ Kd6 35. Rh7 Kc5 36. Rc7+ Kd6 37. Ra7 a4 38. Rf6+ Kc5 39. Rc7+ Kb5 40. Bd3+ 1-0

[Event "*** Biggest EVER Titled Tuesday"]
[Site "Chess.com"]
[Date "2018.04.17"]
[Round "3"]
[White "Aikiigm"]
[Black "milovanratkovic"]
[Result "1-0"]
[WhiteElo "2455"]
[BlackElo "2463"]
[TimeControl "180+2"]
[EndTime "13:35:43 PDT"]
[Termination "Aikiigm won on time"]

1. d4 d5 2. Bf4 c5 3. c3 Nc6 4. e3 Qb6 5. Qb3 c4 6. Qc2 Bf5 7. Qc1 e6 8. Nd2 h6 9. Ngf3 Qd8 10.
Be2 Nf6 11. O-O Bd6 12. Bd1 O-O 13. Bc2 b5 14. Bxf5 exf5 15. Qc2 Ne4 16. Ne5 Bxe5 17. Bxe5 Qe7 18. Bg3 Nd8 19. Nxe4 fxe4 20. a4 b4 21. b3 Rc8 22. cxb4 Qxb4 23. bxc4 Rxc4 24. Qb1 Nc6 25.
Rc1 Rc8 26. Rxc4 Qxc4 27. h3 Nb4 28. a5 a6 29. Kh2 Nc2 30. Ra2 Qc3 31. Rb2 Qd2 32.
Qf1 Qxa5 33. Qe2 Qc3 34. Qxa6 Ne1 35. Rb1 Nd3 36. Qb7 Qc2 37. Ra1 Re8 38. Qxd5 Nxf2 39. Ra2 Qc1 40. Rxf2 1-0

[Event "*** Biggest EVER Titled Tuesday"]
[Site "Chess.com"]
[Date "2018.04.17"]
[Round "3"]
[White "SabinoBrunello"]
[Black "OparinGrigoriy"]
[Result "1/2-1/2"]
[WhiteElo "2684"]
[BlackElo "2856"]
[TimeControl "180+2"]
[EndTime "13:35:47 PDT"]
[Termination "Game drawn by agreement"]

1. c4 e6 2. b3 d5 3. Bb2 Nf6 4. e3 Be7 5. Nf3 O-O 6. Nc3 c5 7. d4 b6 8. cxd5 exd5 9. Be2 Bb7 10. O-O Nbd7 11. Rc1 Re8 12. Ne5 a6 13. f4 Rc8 14.
Bf3 Bd6 15. g4 Ne4 16. Nxe4 dxe4 17. Bg2 cxd4 18. Nxd7 Rxc1 19. Bxc1 Qxd7 20. Qxd4 Qc7 21. Bb2 Bf8 22. Rc1 Qd8 23. f5 b5 24. Qxd8 Rxd8 25.
Bd4 Bd6 26. h4 Kf8 27. Kf2 f6 28. Bf1 Rc8 29. Rxc8+ Bxc8 30. h5 h6 31. a4 Bd7 32.
axb5 Bxb5 33. Bxb5 axb5 34. Ke2 Ke7 35. Kd2 Kd7 36. Ke2 Kc6 37. Kd2 Bb4+ 38. Ke2 Bc5 39. Bb2 Kd5 40. Bc3 Bd6 41. Bd4 Bb4 42. Bb6 Bc3 43.
Bd8 Kd6 44. Bb6 Kc6 45. Bd8 Bb4 46. Kf2 Bc5 47. Ke2 b4 48. Kf2 Kd7 49. Ba5 Kd6 50. Ke2 Kc6 51. Bd8 Bd6 52. Ba5 Be7 53. Kf2 Bc5 54.
Ke2 Kd7 55. Kf2 1/2-1/2

[Event "*** Biggest EVER Titled Tuesday"]
[Site "Chess.com"]
[Date "2018.04.17"]
[Round "3"]
[White "Safar_From_Afar"]
[Black "Cocaino74"]
[Result "1-0"]
[WhiteElo "2268"]
[BlackElo "2136"]
[TimeControl "180+2"]
[EndTime "13:35:49 PDT"]
[Termination "Safar_From_Afar won by resignation"]

1. e4 c5 2. Nc3 Nc6 3. Nf3 g6 4. d4 cxd4 5. Nxd4 Bg7 6. Be3 Nf6 7. Bc4 O-O 8. Bb3 Re8 9. O-O d6 10. h3 Na5 11. Qc1 b6 12. Rd1 Bb7 13. Ba4 Rf8 14. e5 Nd5 15. Nxd5 Bxd5 16. Bh6 Bxe5 17. b4 Nc4 18. Bc6 Bxc6 19. Nxc6 Qc7 20. Nxe5 Nxe5 21.
Qb2 f6 22. Bxf8 Rxf8 23. Qd4 Qxc2 24. Qd5+ Kg7 25. Rac1 Qf5 26. Rc7 Rf7 27. Rxa7 Qc2 28. Qd2 Qc4 29. Rc1 Qe4 30. f3 Qf5 31. Rcc7 Qxf3 32. Rxe7 Qe4 33. Rxf7+ Nxf7 34. Qxd6 b5 35. Qe7 Qd4+ 36. Kh1 Qd5 37. a4 Qc4 38. Qxf7+ Qxf7 39. Rxf7+ Kxf7 40. a5 Ke6 41. a6 Kd7 42. a7 Kc7 43. a8=Q 1-0

[Event "*** Biggest EVER Titled Tuesday"]
[Site "Chess.com"]
[Date "2018.04.17"]
[Round "3"]
[White "Korchmar_Vasiliy"]
[Black "Sebastian"]
[Result "1-0"]
[WhiteElo "2683"]
[BlackElo "2784"]
[TimeControl "180+2"]
[EndTime "13:35:50 PDT"]
[Termination "Korchmar_Vasiliy won on time"]

1. d4 Nf6 2. Nf3 d5 3. Bf4 e6 4.
e3 Bd6 5. Nbd2 O-O 6. c3 Bxf4 7.
exf4 b6 8. a4 a5 9. Bd3 Ba6 10.
Bxa6 Rxa6 11. O-O c5 12. Qe2 Ra7 13. g3 Nc6 14. Qb5 Qc7 15. dxc5 Rb8 16. b3 Nd7 17. cxb6 Rxb6 18. Qe2 g6 19. Rac1 Nc5 20. b4 Nxa4 21. c4 axb4 22. cxd5 Nc3 23. Rxc3 bxc3 24. Nc4 exd5 25.
Nxb6 Qxb6 26. Qe8+ Kg7 27. Ne5 Nxe5 28. Qxe5+ Qf6 29.
Qxd5 Rc7 30. Rc1 c2 31. Qe5 Qxe5 32. fxe5 g5 33. Kf1 Kg6 34. g4 h5 35. h3 Rc3 36.
Ke2 h4 37. Kd2 Rxh3 38. Rxc2 Rb3 39. Rc6+ Kg7 40. e6 fxe6 41. Rxe6 Rb4 42. f3 h3 43.
Re7+ 1-0

[Event "*** Biggest EVER Titled Tuesday"]
[Site "Chess.com"]
[Date "2018.04.17"]
[Round "3"]
[White "Journey_to_GrandMaster_YT"]
[Black "carlesdc96"]
[Result "1/2-1/2"]
[WhiteElo "2383"]
[BlackElo "2463"]
[TimeControl "180+2"]
[EndTime "13:35:52 PDT"]
[Termination "Game drawn by agreement"]

1. d4 e6 2. Nf3 Nf6 3. c4 d5 4.
Nc3 Be7 5. Bg5 O-O 6. e3 Nbd7 7.
Qc2 h6 8. Bh4 c5 9. cxd5 Nxd5 10. Bxe7 Qxe7 11. Nxd5 exd5 12. Bd3 c4 13. Bf5 Nf6 14.
O-O g6 15. Bxc8 Raxc8 16. Ne5 Kg7 17. b3 Nd7 18. f4 Nf6 19. bxc4 dxc4 20. f5 g5 21.
Rab1 Nd5 22. Rf3 Rfe8 23. f6+ Nxf6 24. Rbf1 Rc7 25. Rxf6 Qxf6 26. Rxf6 Kxf6 27. Nxc4 Rec8 28. Qf2+ Kg7 29. Nd2 Rc1+ 30. Nf1 Rb1 31. h4 Rcc1 32. hxg5 hxg5 33. e4 Rxf1+ 34. Qxf1 Rxf1+ 35. Kxf1 Kf6 36. Ke2 Ke6 37. g4 Kd6 38. Kd3 b5 39. Kc3 a5 40. a3 f6 41. Kb3 Kc6 42. Kc3 Kd6 43. Kd3 Ke6 44. Kc3 Kd6 45. a4 b4+ 46. Kc4 Kc6 47. Kb3 Kd6 48. Kc4 Kc6 49. Kd3 Kd7 50. Kc4 Kc7 51. Kb3 Kd6 52. Kc4 Kc6 53. Kd3 Kd6 54. Kc4 Kc6 55. Kb3 1/2-1/2

[Event "*** Biggest EVER Titled Tuesday"]
[Site "Chess.com"]
[Date "2018.04.17"]
[Round "3"]
[White "ZapataCharlesS"]
[Black "Oleksandr_Bortnyk"]
[Result "1-0"]
[WhiteElo "2684"]
[BlackElo "2786"]
[TimeControl "180+2"]
[EndTime "13:35:56 PDT"]
[Termination "ZapataCharlesS won on time"]

1. e4 Nf6 2. e5 Nd5 3. d4 d6 4. c4 Nb6 5. exd6 exd6 6. Nc3 Be7 7. Bd3 Nc6 8. Nf3 Bg4 9. h3 Bh5 10. g4 Bg6 11. O-O O-O 12. Bxg6 fxg6 13. d5 Nb4 14.
Nd4 Qd7 15. Ne6 Rf7 16. Qe2 Re8 17. Be3 Bh4 18. f4 c6 19. Bxb6 axb6 20. f5 Bf6 21. a3 Na6 22. Ne4 gxf5 23. gxf5 Nc5 24.
Nxf6+ Rxf6 25. Rae1 Qe7 26. Qg2 Nd3 27. Re4 Ne5 28. Kh2 Kh8 29. Qe2 cxd5 30. cxd5 Qf7 31. Ng5 Qxd5 32. Re3 Qd4 33. Qh5 Qd2+ 34. Re2 Ng4+ 35.
Kg3 Re3+ 36. Kh4 Rh6 37. Nf7+ Kg8 38. Nxh6+ Nxh6 39. Rxd2 Re4+ 40. Kg3 1-0